 Seeded DCSS version 0.31-a0-626-g8143ab4f1d (webtiles) character file.

Game seed: 12485923201681380469 (custom seed)

19 innerfire43 the Ruffian (level 2, -1/21 HPs)
             Began as a Gnoll Shapeshifter on Aug 23, 2023.
             Slain by a hobgoblin (4 damage)
             ... on level 1 of the Dungeon on Aug 24, 2023.
             The game lasted 00:00:37 (464 turns).

innerfire43 the Ruffian (Gnoll Shapeshifter)         Turns: 464, Time: 00:00:38

Health: -1/21      AC:  2    Str: 14    XL:     2   Next: 75%
Magic:  2/2        EV: 13    Int:  7    God:
Gold:   40         SH:  0    Dex: 12    Spells: 2/2 levels left

rFire   . .          .
                       - Unarmed
rCold   . . .        (shield currently unavailable)
rNeg    . . .        a - +0 animal skin
rPois   .            (no helmet)
rElec   .            (no cloak)
rCorr   .            (no gloves)
SInv    .            (no boots)
Will    .....        (no amulet)
Stlth   +            (no ring)
HPRegen 0.23/turn    (no ring)
MPRegen 0.08/turn

%: no passive effects
@: flux-form, glowing
A: glow, contaminating, reduced hp, fangs 1, strong nose, distributed training
a: Begin Untransformation


You were on level 1 of the Dungeon.
You were something dangerously unstable.
You visited 1 branch of the dungeon, and saw 1 of its levels.

You collected 40 gold pieces.

Inventory:

Armour
 a - a +0 animal skin (worn)
Jewellery
 h - a +6 ring of strength
Talismans
 c - a beast talisman
 d - a flux talisman (active)
Scrolls
 f - a scroll of vulnerability {unknown}
 i - a scroll of enchant weapon {unknown}
Potions
 b - a potion of lignification
 e - a potion of enlightenment {unknown}
 g - a potion of experience {unknown}


   Skills:
 + Level 2.5 Fighting
 + Level 0.5 Short Blades
 + Level 0.5 Long Blades
 + Level 0.5 Axes
 + Level 0.5 Maces & Flails
 + Level 0.5 Polearms
 + Level 0.5 Staves
 + Level 0.5 Ranged Weapons
 + Level 0.5 Throwing
 + Level 0.5 Armour
 + Level 4.5 Dodging
 + Level 0.5 Stealth
 + Level 0.5 Shields
 + Level 6.5 Unarmed Combat
 + Level 0.5 Spellcasting
 + Level 0.3 Conjurations
 + Level 0.3 Hexes
 + Level 0.3 Summonings
 + Level 0.3 Necromancy
 + Level 0.3 Translocations
 + Level 0.3 Transmutations
 + Level 0.3 Fire Magic
 + Level 0.3 Ice Magic
 + Level 0.3 Air Magic
 + Level 0.3 Earth Magic
 + Level 0.3 Poison Magic
 + Level 0.6 Invocations
 + Level 0.5 Evocations
 + Level 6.4 Shapeshifting


You had 2 spell levels left.
You didn't know any spells.
Your spell library was empty.

Dungeon Overview and Level Annotations

Branches:
Dungeon (1/15)

Altars:


Innate Abilities, Weirdness & Mutations

You are something dangerously unstable.
You glow with magical radiation, making you easy to see and hit.
Foes you strike become dangerously contaminated with magical radiation.
Your maximum health is decreased, since you lack skill for your form.
You are incapable of wielding weapons or throwing items.
You have very sharp teeth.
Your uncanny sense of smell can sniff out nearby items.
Your experience applies equally to all skills.


Message History

You hit the hobgoblin.
You kill the hobgoblin!
The endoplasm freezes you.
You are frozen.
There are monsters nearby!
You hit the endoplasm.
The endoplasm begins to glow.
The endoplasm is heavily wounded.
The endoplasm freezes you.
You are frozen.
You are too injured to fight recklessly!
There are monsters nearby!
You are too injured to fight recklessly!
There are monsters nearby!
There are monsters nearby!
You are too injured to fight recklessly!
You hit the endoplasm.
You kill the endoplasm!
The goblin hits you with a +0 club.
* * * LOW HITPOINT WARNING * * *
You hit the goblin.
You kill the goblin!
The hobgoblin hits you but does no damage.
A giant cockroach comes into view.
You see here a +0 club.
You hit the hobgoblin but do no damage.
The hobgoblin begins to glow.
The hobgoblin hits you.
* * * LOW HITPOINT WARNING * * *
You hit the hobgoblin.
The hobgoblin glows dangerously bright.
The hobgoblin is heavily wounded.
The hobgoblin barely misses you.
You barely miss the hobgoblin.
The hobgoblin is heavily wounded.
The hobgoblin barely misses you.
You barely miss the hobgoblin.
The hobgoblin is heavily wounded.
The hobgoblin closely misses you.
You barely miss the hobgoblin.
The hobgoblin is heavily wounded.
The hobgoblin hits you.
You die...

.#....# .†....#
#...........# ##....#
...........# .#....##.
#..........# ......#..
#..........#
.#.##...####..........#
.#.#............B.....#
....>##### #....g.....#
#....# #....B.....#
#..#.## #..........#
#.....# #..........#
......# ###.##.#####
......#### ... #.###
........#...#####...#
..)...#...####....)##
#....%.....#...##.##
#.....####...# #..#


You could see a giant cockroach and a hobgoblin (heavy contam).

Vanquished Creatures
  An endoplasm (D:1)
  A giant cockroach (D:1)
  5 hobgoblins (D:1)
  A kobold (D:1)
  3 quokkas (D:1)
  A ball python (D:1)
  2 goblins (D:1)
  2 rats (D:1)
16 creatures vanquished.

Notes
Turn   | Place    | Note
-------+----------+-------------------------------------------
     0 | D:1      | innerfire43 the Gnoll Shapeshifter began the quest for the
                  | Orb.
     0 | D:1      | Reached XP level 1. HP: 17/17 MP: 1/1
     0 | D:1      | Upgraded the game from 0.31-a0-620-gd1cbd99268 to
                  | 0.31-a0-626-g8143ab4f1d
   190 | D:1      | Reached XP level 2. HP: 21/23 MP: 2/2
   464 | D:1      | Slain by a hobgoblin

Illustrated notes

Levels and vault maps discovered:
D:1:      lightli_arrival_maybe_door_vault, layout_rooms, kennysheep_nondescript

Action                     || total
---------------------------++-------
  Melee: Unarmed           ||    43
         Bite              ||     4
 Armour: Animal skin       ||     6
  Dodge: Dodged            ||    21
   Form: Flux              ||     1

Table legend: (Time is in decaauts)
 A = Elapsed time spent in this place.
 B = Non-inter-level travel time spent in this place.
 C = Inter-level travel time spent in this place.
 D = Time resting spent in this place.
 E = Time spent auto-exploring this place.
 F = Levels seen in this place.
 G = Mean time per level.
                   A        B        C        D        E       F      G
               +--------+--------+--------+--------+--------+-----+--------+
         Total |    459 |    459 |      0 |      0 |    354 |   1 |  459.0 |
       Dungeon |    459 |    459 |      0 |      0 |    354 |   1 |  459.0 |
               +--------+--------+--------+--------+--------+-----+--------+

Top non-repeatable levels by time:
     D:1: 459 daAuts
